Devils vs Panthers

Created - 21 mars 2019 at 22:22

Goals
1 2 3 T
Devils 4 1 0 5
Panthers 1 1 0 2
Shots
1 2 3 T
Devils 14 10 10 34
Panthers 4 11 5 20

1st period

1. Devils , Ryan Pulock 2 (Scott Wilson 2, Justin Schultz 25) at 4:50
2. Devils , Nicklas Backstrom 19 (Kevin Hayes 21, Dustin Brown 29) at 6:19
3. Devils , Sam Reinhart 22 (Darren Helm 30, Bo Horvat 36) at 9:50
4. Panthers , Drew Doughty 7 (Charlie McAvoy 30, Tyler Seguin 35) at 12:00 (PP)
5. Devils , Kevin Hayes 25 (Dustin Brown 30, Nicklas Backstrom 45) at 12:22

Penalties :
Luke Glendening (FLA) for Slashing (Minor) at 2:03, Steven Santini (NJD) for Tripping (Minor) at 11:56, Charlie McAvoy (FLA) for Tripping (Minor) at 13:22

2nd period

6. Panthers , Joe Thornton 19 (Luke Glendening 4, Andrew Ladd 14) at 12:18
7. Devils , Darren Helm 15 (Brooks Orpik 12, Anton Stralman 15) at 16:44 (PP)

Penalties :
Eric Fehr (NJD) for Slashing (Minor) at 4:42, Steven Santini (NJD) for Slashing (Minor) at 6:56, Steven Santini (NJD) for Hooking (Minor) at 12:50, Drew Doughty (FLA) for Kneeing (Minor) at 15:31

3rd period

No Goal

Penalties :
Drew Doughty (FLA) for Delaying the game (Minor) at 17:04

Goalie Stats

Marc-Andre Fleury (NJD), 18 saves from 20 shots - (0.900), W, 38-24-3, 60:00 minutes
Devan Dubnyk (FLA), 9 saves from 13 shots - (0.692), L, 30-18-11, 12:22 minutes
Cam Ward (FLA), 20 saves from 21 shots - (0.952), 47:38 minutes

Players Stats for Devils

Player Name              G  A  P  +/- PIM S  H  SB GA TA FO     MP     PP MP  PK MP  
------------------------------------------------------------------------------------
Anton Stralman           0  1  1   1  0   0  2  2  0  0  0/0    24:16   3:15   3:15 
Bo Horvat                0  1  1   1  0   4  0  0  0  0  13/17  18:34   2:51   3:51 
Brooks Orpik             0  1  1   0  0   0  2  4  0  0  0/0    17:42   1:04   0:19 
Darren Helm              1  1  2   1  0   1  1  0  0  0  0/0     9:36   1:58   0:26 
Dustin Brown             0  2  2   1  0   3  3  0  0  0  1/3    20:24   4:19   1:44 
Eric Fehr                0  0  0   0  2   4  0  1  0  0  0/0    10:26   0:00   0:29 
Jordan Staal             0  0  0   0  0   1  2  0  0  0  10/12  13:23   0:51   2:33 
Justin Schultz           0  1  1   2  0   0  0  1  0  0  0/0    13:09   1:47   2:14 
Kevin Hayes              1  1  2   1  0   3  0  0  0  0  4/4    18:59   4:38   0:00 
Mike Cammalleri          0  0  0   1  0   1  1  0  0  0  0/0    10:58   0:00   0:00 
Nicklas Backstrom        1  1  2   1  0   5  0  0  0  0  15/30  23:37   4:19   2:59 
Pavel Zacha              0  0  0   0  0   2  1  1  0  0  1/1    12:54   0:34   0:00 
Ryan Pulock              1  0  1   2  0   1  0  1  0  0  0/0    23:26   3:04   3:12 
Sam Reinhart             1  0  1   1  0   6  0  1  0  0  0/0    14:23   2:51   0:00 
Scott Wilson             0  1  1   1  0   1  0  0  0  0  6/12   10:58   0:00   0:00 
Shayne Gostisbehere      0  0  0   1  0   2  0  1  0  0  0/0    26:01   3:28   3:02 
Steven Santini           0  0  0   0  6   0  0  4  0  0  0/0    14:11   0:51   0:00 
Vinnie Hinostroza        0  0  0   1  0   0  1  0  0  0  0/0    10:58   0:00   0:00 

Players Stats for Panthers

Player Name              G  A  P  +/- PIM S  H  SB GA TA FO     MP     PP MP  PK MP  
------------------------------------------------------------------------------------
Andrew Ladd              0  1  1  -1  0   1  0  0  0  0  0/4    10:38   0:00   1:31 
Blake Wheeler            0  0  0  -1  0   0  1  0  0  0  0/0    21:36   3:21   0:00 
Brandon Carlo            0  0  0  -2  0   1  1  0  0  0  0/0    18:07   0:00   2:33 
Charlie McAvoy           0  1  1  -2  2   0  1  0  0  0  0/0    20:38   2:57   2:11 
Drew Doughty             1  0  1  -1  4   1  0  2  0  0  0/0    24:56   2:57   1:54 
Francois Beauchemin      0  0  0   0  0   1  5  4  0  0  0/0    15:07   0:00   3:56 
Joe Thornton             1  0  1  -1  0   5  0  0  0  0  6/12    9:52   0:28   0:14 
Joel Armia               0  0  0  -1  0   0  0  0  0  0  0/0     7:03   0:00   2:13 
Justin Williams          0  0  0   0  0   0  0  0  0  0  3/15   14:51   0:00   0:00 
Luke Glendening          0  1  1  -2  2   0  3  1  0  0  6/12   19:03   2:12   3:12 
Matthew Tkachuk          0  0  0  -1  0   0  2  0  0  0  0/2    21:39   3:21   0:17 
Melker Karlsson          0  0  0  -1  0   0  1  1  0  0  0/3     9:30   0:00   4:40 
Michael Matheson         0  0  0   0  0   0  0  2  0  0  0/0    16:38   3:04   0:00 
Nikolaj Ehlers           0  0  0   0  0   5  1  0  0  0  0/1    17:31   2:40   0:00 
Patrik Laine             0  0  0   0  0   2  0  0  0  0  1/2    17:31   2:40   0:00 
Samuel Girard            0  0  0   0  0   0  0  0  0  0  0/0     0:00   0:00   0:00 
T.J. Brodie              0  0  0  -1  0   0  0  2  0  0  0/0    24:31   3:04   3:46 
Tyler Seguin             0  1  1  -1  0   4  1  0  0  0  13/28  23:35   3:21   2:13 

3 Stars

1 - Darren Helm (NJD)
2 - Nicklas Backstrom (NJD)
3 - Kevin Hayes (NJD)

Power Play

Devils - 1 on 4 Attempt(s) - 25.00%
Panthers - 1 on 4 Attempt(s) - 25.00%

Penalty Kill

Devils - 3 on 4 Attempt(s) - 75.00% - Score 0 goal in Penalty Kill
Panthers - 3 on 4 Attempt(s) - 75.00% - Score 0 goal in Penalty Kill

Team Stat

Devils - Hits : 13 - Faceoff Wins : 50 - Blocked Shots : 16 - Penalty Minutes : 8
Panthers - Hits : 16 - Faceoff Wins : 29 - Blocked Shots : 12 - Penalty Minutes : 8

Official

Referees : Steve Kozari and Tom Chmielewski
Linesman : Tim Nowak and Darren Gibbs

Game Notes

Cam Ward enters game at 12:22 of 1st period
Justin Schultz is injured at 13:14 of 2nd period (Torso)
Darren Helm is injured at 0:52 of 3rd period (Sprained Right Ankle)

Finance

Level 1 -- Attendance: 5880 (98.00%) -- Ticket Income 646 800 $
Level 2 -- Attendance: 5000 (100.00%) -- Ticket Income 375 000 $
Level 3 -- Attendance: 3498 (99.94%) -- Ticket Income 174 900 $
Level 4 -- Attendance: 2735 (72.93%) -- Ticket Income 54 700 $
Luxury Box -- Attendance: 975 (97.50%) -- Ticket Income 199 875 $
Game was played at the BBT Center.
Total Attendance: 18088 (93.96%)
Total Ticket Income: 1 451 275 $
Other Income: 711 125 $
Total Income: 2 162 400 $

% Time on Ice - Devils

Lines # - Real PCT - Wanted PCT - Time Play
Normal Forward
1 - 31% - 40% - 14:21
2 - 25% - 30% - 11:32
3 - 21% - 20% - 9:58
4 - 23% - 10% - 10:58
Normal Defense
1 - 22% - 40% - 10:14
2 - 35% - 30% - 16:36
3 - 24% - 20% - 11:24
4 - 18% - 10% - 8:35
PP Forward
1 - 60% - 60% - 4:19
2 - 40% - 40% - 2:51
PP Defense
1 - 37% - 60% - 2:41
2 - 63% - 40% - 4:29
PK Forward
1 - 71% - 60% - 4:17
2 - 29% - 40% - 1:44
PK Defense
1 - 42% - 60% - 2:30
2 - 58% - 40% - 3:31
PK3 Forward
1 - 0% - 60%
2 - 0% - 40%
PK3 Defense
1 - 0% - 60%
2 - 0% - 40%
44 Forward
1 - 0% - 60%
2 - 0% - 40%
44 Defense
1 - 0% - 60%
2 - 0% - 40%
Last Minute Offensive  - 0:00
Last Minute Defensive  - 0:00
Total
Forward - 60:00
Defense - 60:00

% Time on Ice - Panthers

Lines # - Real PCT - Wanted PCT - Time Play
Normal Forward
1 - 38% - 40% - 18:01
2 - 32% - 30% - 14:51
3 - 19% - 20% - 9:07
4 - 10% - 10% - 4:50
Normal Defense
1 - 38% - 42% - 17:44
2 - 33% - 36% - 15:31
3 - 24% - 22% - 11:11
4 - 5% - 0% - 2:23
PP Forward
1 - 56% - 55% - 3:21
2 - 44% - 45% - 2:40
PP Defense
1 - 49% - 55% - 2:57
2 - 51% - 45% - 3:04
PK Forward
1 - 69% - 60% - 4:57
2 - 31% - 40% - 2:13
PK Defense
1 - 53% - 50% - 3:46
2 - 47% - 50% - 3:24
PK3 Forward
1 - 0% - 60%
2 - 0% - 40%
PK3 Defense
1 - 0% - 50%
2 - 0% - 50%
44 Forward
1 - 0% - 60%
2 - 0% - 40%
44 Defense
1 - 0% - 60%
2 - 0% - 40%
Last Minute Offensive  - 0:00
Last Minute Defensive  - 0:00
Total
Forward - 60:00
Defense - 60:00

Play-by-Play

1st period


0:01 of 1st period - Tyler Seguin wins face-off versus Nicklas Backstrom in neutral zone.
0:32 of 1st period - Shot by Dustin Brown.
0:32 of 1st period - Shot Blocked by Drew Doughty.
0:34 of 1st period - Shot by Dustin Brown.
0:34 of 1st period - Shot Misses the Net.
0:40 of 1st period - Shot by Dustin Brown.
0:40 of 1st period - Stopped by Devan Dubnyk with a rebound.
0:57 of 1st period - Icing by Justin Schultz.
0:58 of 1st period - Bo Horvat wins face-off versus Justin Williams in Devils zone.
2:03 of 1st period - Minor Penalty to Luke Glendening for Slashing.
2:04 of 1st period - Nicklas Backstrom wins face-off versus Andrew Ladd in Panthers zone.
2:15 of 1st period - Shot by Shayne Gostisbehere.
2:15 of 1st period - Shot Blocked by T.J. Brodie.
2:17 of 1st period - Shot by Shayne Gostisbehere.
2:17 of 1st period - Stopped by Devan Dubnyk with a rebound.
2:19 of 1st period - Shot by Kevin Hayes.
2:19 of 1st period - Shot Blocked by Drew Doughty.
2:21 of 1st period - Shot by Kevin Hayes.
2:21 of 1st period - Stopped by Devan Dubnyk without a rebound.
2:22 of 1st period - Kevin Hayes wins face-off versus Andrew Ladd in Panthers zone.
2:25 of 1st period - Shot by Dustin Brown.
2:25 of 1st period - Shot Misses the Net.
3:06 of 1st period - Shot by Andrew Ladd.
3:06 of 1st period - Stopped by Marc-Andre Fleury without a rebound.
3:07 of 1st period - Bo Horvat wins face-off versus Andrew Ladd in Devils zone.
3:44 of 1st period - Shot by Justin Schultz.
3:44 of 1st period - Deflect By Sam Reinhart.
3:44 of 1st period - Stopped by Devan Dubnyk without a rebound.
3:45 of 1st period - Tyler Seguin wins face-off versus Nicklas Backstrom in Panthers zone.
4:30 of 1st period - Shot by Eric Fehr.
4:30 of 1st period - Stopped by Devan Dubnyk without a rebound.
4:31 of 1st period - Scott Wilson wins face-off versus Joe Thornton in Panthers zone.
4:42 of 1st period - Shot by Justin Schultz.
4:42 of 1st period - Shot Misses the Net.
4:44 of 1st period - Shot by Mike Cammalleri.
4:44 of 1st period - Shot Misses the Net.
4:46 of 1st period - Shot by Justin Schultz.
4:46 of 1st period - Shot Misses the Net.
4:48 of 1st period - Shot by Scott Wilson.
4:48 of 1st period - Shot Blocked by Francois Beauchemin.
4:50 of 1st period - Shot by Ryan Pulock.
4:50 of 1st period - Goal by Ryan Pulock - Devils : 1 - Panthers : 0.
4:51 of 1st period - Nicklas Backstrom wins face-off versus Justin Williams in neutral zone.
5:02 of 1st period - Shot by Dustin Brown.
5:02 of 1st period - Shot Misses the Net.
5:05 of 1st period - Icing by Drew Doughty.
5:06 of 1st period - Bo Horvat wins face-off versus Justin Williams in Panthers zone.
5:39 of 1st period - Shot by Patrik Laine.
5:39 of 1st period - Stopped by Marc-Andre Fleury without a rebound.
5:40 of 1st period - Nicklas Backstrom wins face-off versus Tyler Seguin in Devils zone.
6:17 of 1st period - Shot by Nicklas Backstrom.
6:17 of 1st period - Shot Misses the Net.
6:19 of 1st period - Shot by Kevin Hayes.
6:19 of 1st period - Deflect By Nicklas Backstrom.
6:19 of 1st period - Goal by Nicklas Backstrom - Devils : 2 - Panthers : 0.
6:20 of 1st period - Joe Thornton wins face-off versus Jordan Staal in neutral zone.
6:28 of 1st period - Pavel Zacha is hit by Francois Beauchemin and loses puck.
6:37 of 1st period - Shot by Pavel Zacha.
6:37 of 1st period - Shot Blocked by Michael Matheson.
6:42 of 1st period - Pavel Zacha is hit by Francois Beauchemin.
6:45 of 1st period - Eric Fehr is hit by Francois Beauchemin and loses puck.
6:48 of 1st period - Shot by Eric Fehr.
6:48 of 1st period - Shot Misses the Net.
6:57 of 1st period - Jordan Staal is hit by Francois Beauchemin and loses puck.
7:05 of 1st period - Icing by Francois Beauchemin.
7:06 of 1st period - Bo Horvat wins face-off versus Joe Thornton in Panthers zone.
7:06 of 1st period - Bo Horvat is hit by Francois Beauchemin.
7:20 of 1st period - Shot by Sam Reinhart.
7:20 of 1st period - Stopped by Devan Dubnyk without a rebound.
7:21 of 1st period - Nicklas Backstrom wins face-off versus Tyler Seguin in Panthers zone.
7:58 of 1st period - Shot by Tyler Seguin.
7:58 of 1st period - Stopped by Marc-Andre Fleury with a rebound.
8:24 of 1st period - Shot by Patrik Laine.
8:24 of 1st period - Shot Blocked by Justin Schultz.
9:08 of 1st period - Shot by Sam Reinhart.
9:08 of 1st period - Stopped by Devan Dubnyk without a rebound.
9:09 of 1st period - Joe Thornton wins face-off versus Bo Horvat in Panthers zone.
9:09 of 1st period - Joe Thornton is hit by Darren Helm.
9:20 of 1st period - Shot by Bo Horvat.
9:20 of 1st period - Shot Blocked by T.J. Brodie.
9:44 of 1st period - Shot by Bo Horvat.
9:44 of 1st period - Shot Blocked by Luke Glendening.
9:50 of 1st period - Shot by Sam Reinhart.
9:50 of 1st period - Goal by Sam Reinhart - Devils : 3 - Panthers : 0.
9:51 of 1st period - Scott Wilson wins face-off versus Tyler Seguin in neutral zone.
10:17 of 1st period - Shot by Mike Cammalleri.
10:17 of 1st period - Stopped by Devan Dubnyk without a rebound.
10:18 of 1st period - Jordan Staal wins face-off versus Justin Williams in Panthers zone.
10:31 of 1st period - Shot by Shayne Gostisbehere.
10:31 of 1st period - Stopped by Devan Dubnyk with a rebound.
10:45 of 1st period - Shot by Jordan Staal.
10:45 of 1st period - Shot Blocked by Michael Matheson.
11:07 of 1st period - Icing by Francois Beauchemin.
11:08 of 1st period - Bo Horvat wins face-off versus Patrik Laine in Panthers zone.
11:09 of 1st period - Shot by Darren Helm.
11:09 of 1st period - Shot Misses the Net.
11:56 of 1st period - Minor Penalty to Steven Santini for Tripping.
11:57 of 1st period - Tyler Seguin wins face-off versus Nicklas Backstrom in Devils zone.
12:00 of 1st period - Shot by Drew Doughty.
12:00 of 1st period - Goal by Drew Doughty - Devils : 3 - Panthers : 1.
12:01 of 1st period - Luke Glendening wins face-off versus Nicklas Backstrom in neutral zone.
12:09 of 1st period - Kevin Hayes is hit by Brandon Carlo and loses puck.
12:20 of 1st period - Shot by Dustin Brown.
12:20 of 1st period - Shot Misses the Net.
12:22 of 1st period - Shot by Kevin Hayes.
12:22 of 1st period - Goal by Kevin Hayes - Devils : 4 - Panthers : 1.
12:22 of 1st period - Cam Ward enters game.
12:23 of 1st period - Tyler Seguin wins face-off versus Scott Wilson in neutral zone.
13:14 of 1st period - Icing by Ryan Pulock.
13:15 of 1st period - Dustin Brown wins face-off versus Luke Glendening in Devils zone.
13:15 of 1st period - Dustin Brown is hit by Luke Glendening.
13:22 of 1st period - Minor Penalty to Charlie McAvoy for Tripping.
13:23 of 1st period - Luke Glendening wins face-off versus Nicklas Backstrom in Panthers zone.
14:01 of 1st period - Icing by Kevin Hayes.
14:02 of 1st period - Tyler Seguin wins face-off versus Dustin Brown in Devils zone.
14:11 of 1st period - Tyler Seguin is hit by Dustin Brown and loses puck.
14:52 of 1st period - Shot by Shayne Gostisbehere.
14:52 of 1st period - Deflect By Bo Horvat.
14:52 of 1st period - Shot Blocked by Francois Beauchemin.
16:19 of 1st period - Scott Wilson is hit by Nikolaj Ehlers and loses puck.
16:52 of 1st period - Icing by Charlie McAvoy.
16:53 of 1st period - Tyler Seguin wins face-off versus Nicklas Backstrom in Panthers zone.
16:58 of 1st period - Brooks Orpik is hit by Matthew Tkachuk and loses puck.
18:18 of 1st period - Shot by Andrew Ladd.
18:18 of 1st period - Shot Blocked by Eric Fehr.
18:28 of 1st period - Shot by Jordan Staal.
18:28 of 1st period - Deflect By Eric Fehr.
18:28 of 1st period - Stopped by Cam Ward without a rebound.
18:29 of 1st period - Justin Williams wins face-off versus Scott Wilson in Panthers zone.
18:29 of 1st period - Justin Williams is hit by Mike Cammalleri.
18:38 of 1st period - Icing by Justin Schultz.
18:39 of 1st period - Scott Wilson wins face-off versus Nikolaj Ehlers in Devils zone.
Goals for this period are 4 for Devils vs 1 for Panthers.
Shots for this period are 14 for Devils vs 4 for Panthers.

2nd period


0:01 of 2nd period - Kevin Hayes wins face-off versus Tyler Seguin in neutral zone.
0:32 of 2nd period - Shot by Nicklas Backstrom.
0:32 of 2nd period - Stopped by Cam Ward with a rebound.
1:05 of 2nd period - Dustin Brown is hit by Luke Glendening and loses puck.
1:19 of 2nd period - Bo Horvat is hit by Charlie McAvoy and loses puck.
1:26 of 2nd period - Shot by Darren Helm.
1:26 of 2nd period - Shot Misses the Net.
1:52 of 2nd period - Shot by Sam Reinhart.
1:52 of 2nd period - Stopped by Cam Ward without a rebound.
1:53 of 2nd period - Jordan Staal wins face-off versus Justin Williams in Panthers zone.
1:56 of 2nd period - Shot by Eric Fehr.
1:56 of 2nd period - Stopped by Cam Ward without a rebound.
1:57 of 2nd period - Jordan Staal wins face-off versus Justin Williams in Panthers zone.
2:00 of 2nd period - Shot by Jordan Staal.
2:00 of 2nd period - Shot Misses the Net.
2:16 of 2nd period - Shot by Nikolaj Ehlers.
2:16 of 2nd period - Stopped by Marc-Andre Fleury without a rebound.
2:17 of 2nd period - Scott Wilson wins face-off versus Matthew Tkachuk in Devils zone.
2:34 of 2nd period - Shot by Blake Wheeler.
2:34 of 2nd period - Shot Misses the Net.
3:20 of 2nd period - Drew Doughty is hit by Anton Stralman and loses puck.
3:36 of 2nd period - Shot by Bo Horvat.
3:36 of 2nd period - Stopped by Cam Ward without a rebound.
3:37 of 2nd period - Joe Thornton wins face-off versus Nicklas Backstrom in Panthers zone.
4:42 of 2nd period - Minor Penalty to Eric Fehr for Slashing.
4:43 of 2nd period - Nicklas Backstrom wins face-off versus Tyler Seguin in Devils zone.
5:12 of 2nd period - Shot by Tyler Seguin.
5:12 of 2nd period - Shot Blocked by Shayne Gostisbehere.
5:46 of 2nd period - Shot by Drew Doughty.
5:46 of 2nd period - Shot Misses the Net.
6:02 of 2nd period - Shot by Joe Thornton.
6:02 of 2nd period - Stopped by Marc-Andre Fleury without a rebound.
6:03 of 2nd period - Patrik Laine wins face-off versus Nicklas Backstrom in Devils zone.
6:53 of 2nd period - Shot by Brandon Carlo.
6:53 of 2nd period - Stopped by Marc-Andre Fleury without a rebound.
6:54 of 2nd period - Joe Thornton wins face-off versus Scott Wilson in Devils zone.
6:56 of 2nd period - Minor Penalty to Steven Santini for Slashing.
6:57 of 2nd period - Tyler Seguin wins face-off versus Nicklas Backstrom in Devils zone.
7:08 of 2nd period - Shot by Tyler Seguin.
7:08 of 2nd period - Stopped by Marc-Andre Fleury without a rebound.
7:09 of 2nd period - Tyler Seguin wins face-off versus Nicklas Backstrom in Devils zone.
8:01 of 2nd period - Shot by Nikolaj Ehlers.
8:01 of 2nd period - Stopped by Marc-Andre Fleury without a rebound.
8:02 of 2nd period - Jordan Staal wins face-off versus Luke Glendening in Devils zone.
8:58 of 2nd period - Blake Wheeler is hit by Vinnie Hinostroza and loses puck.
9:04 of 2nd period - Andrew Ladd is hit by Brooks Orpik and loses puck.
9:07 of 2nd period - Shot by Joe Thornton.
9:07 of 2nd period - Stopped by Marc-Andre Fleury with a rebound.
9:09 of 2nd period - Shot by Francois Beauchemin.
9:09 of 2nd period - Stopped by Marc-Andre Fleury without a rebound.
9:10 of 2nd period - Jordan Staal wins face-off versus Luke Glendening in Devils zone.
9:10 of 2nd period - Jordan Staal is hit by Melker Karlsson.
9:51 of 2nd period - Shot by Justin Williams.
9:51 of 2nd period - Shot Blocked by Pavel Zacha.
9:53 of 2nd period - Shot by Brandon Carlo.
9:53 of 2nd period - Shot Misses the Net.
9:55 of 2nd period - Shot by Brandon Carlo.
9:55 of 2nd period - Shot Blocked by Ryan Pulock.
10:03 of 2nd period - Shot by Patrik Laine.
10:03 of 2nd period - Deflect By Nikolaj Ehlers.
10:03 of 2nd period - Stopped by Marc-Andre Fleury without a rebound.
10:04 of 2nd period - Nicklas Backstrom wins face-off versus Tyler Seguin in Devils zone.
10:24 of 2nd period - Icing by Anton Stralman.
10:25 of 2nd period - Nicklas Backstrom wins face-off versus Justin Williams in Devils zone.
10:29 of 2nd period - Off-side.
10:30 of 2nd period - Bo Horvat wins face-off versus Tyler Seguin in neutral zone.
11:01 of 2nd period - Shot by Blake Wheeler.
11:01 of 2nd period - Shot Misses the Net.
11:06 of 2nd period - Off-side.
11:07 of 2nd period - Justin Williams wins face-off versus Nicklas Backstrom in neutral zone.
11:14 of 2nd period - Shot by Nikolaj Ehlers.
11:14 of 2nd period - Stopped by Marc-Andre Fleury with a rebound.
11:47 of 2nd period - Shot by Patrik Laine.
11:47 of 2nd period - Shot Misses the Net.
12:03 of 2nd period - Shot by Andrew Ladd.
12:03 of 2nd period - Shot Misses the Net.
12:18 of 2nd period - Shot by Joe Thornton.
12:18 of 2nd period - Goal by Joe Thornton - Devils : 4 - Panthers : 2.
12:19 of 2nd period - Bo Horvat wins face-off versus Tyler Seguin in neutral zone.
12:31 of 2nd period - Shot by Tyler Seguin.
12:31 of 2nd period - Stopped by Marc-Andre Fleury without a rebound.
12:32 of 2nd period - Luke Glendening wins face-off versus Jordan Staal in Devils zone.
12:50 of 2nd period - Minor Penalty to Steven Santini for Hooking.
12:51 of 2nd period - Nicklas Backstrom wins face-off versus Tyler Seguin in Devils zone.
13:13 of 2nd period - Justin Schultz is hit by Tyler Seguin and loses puck.
13:14 of 2nd period - Justin Schultz from Devils is injured at 13:14 of 2nd period (Torso).
13:15 of 2nd period - Luke Glendening wins face-off versus Nicklas Backstrom in Devils zone.
13:28 of 2nd period - Shot by Michael Matheson.
13:28 of 2nd period - Shot Misses the Net.
13:46 of 2nd period - Shot by Luke Glendening.
13:46 of 2nd period - Shot Misses the Net.
14:13 of 2nd period - Off-side.
14:14 of 2nd period - Nicklas Backstrom wins face-off versus Tyler Seguin in neutral zone.
14:25 of 2nd period - Shot by Drew Doughty.
14:25 of 2nd period - Shot Misses the Net.
14:27 of 2nd period - Shot by Drew Doughty.
14:27 of 2nd period - Shot Hit the Post.
14:57 of 2nd period - Shot by Scott Wilson.
14:57 of 2nd period - Stopped by Cam Ward without a rebound.
14:58 of 2nd period - Jordan Staal wins face-off versus Justin Williams in Panthers zone.
15:14 of 2nd period - Shot by Jordan Staal.
15:14 of 2nd period - Stopped by Cam Ward without a rebound.
15:15 of 2nd period - Scott Wilson wins face-off versus Joe Thornton in Panthers zone.
15:31 of 2nd period - Minor Penalty to Drew Doughty for Kneeing.
15:32 of 2nd period - Luke Glendening wins face-off versus Nicklas Backstrom in Panthers zone.
15:58 of 2nd period - Shot by Kevin Hayes.
15:58 of 2nd period - Shot Misses the Net.
16:00 of 2nd period - Shot by Dustin Brown.
16:00 of 2nd period - Deflect By Nicklas Backstrom.
16:00 of 2nd period - Shot Misses the Net.
16:38 of 2nd period - Shot by Anton Stralman.
16:38 of 2nd period - Shot Misses the Net.
16:40 of 2nd period - Shot by Darren Helm.
16:40 of 2nd period - Shot Misses the Net.
16:42 of 2nd period - Shot by Brooks Orpik.
16:42 of 2nd period - Shot Misses the Net.
16:44 of 2nd period - Shot by Darren Helm.
16:44 of 2nd period - Goal by Darren Helm - Devils : 5 - Panthers : 2.
16:45 of 2nd period - Jordan Staal wins face-off versus Justin Williams in neutral zone.
17:10 of 2nd period - Shot by Eric Fehr.
17:10 of 2nd period - Deflect By Jordan Staal.
17:10 of 2nd period - Shot Misses the Net.
17:12 of 2nd period - Shot by Eric Fehr.
17:12 of 2nd period - Stopped by Cam Ward without a rebound.
17:13 of 2nd period - Nicklas Backstrom wins face-off versus Tyler Seguin in Panthers zone.
17:16 of 2nd period - Shot by Dustin Brown.
17:16 of 2nd period - Shot Misses the Net.
17:33 of 2nd period - Shot by Nicklas Backstrom.
17:33 of 2nd period - Shot Misses the Net.
17:45 of 2nd period - Shot by Dustin Brown.
17:45 of 2nd period - Stopped by Cam Ward with a rebound.
17:47 of 2nd period - Shot by Nicklas Backstrom.
17:47 of 2nd period - Stopped by Cam Ward without a rebound.
17:48 of 2nd period - Bo Horvat wins face-off versus Justin Williams in Panthers zone.
18:09 of 2nd period - Shot by Nikolaj Ehlers.
18:09 of 2nd period - Shot Blocked by Steven Santini.
19:04 of 2nd period - Off-side.
19:05 of 2nd period - Nicklas Backstrom wins face-off versus Tyler Seguin in neutral zone.
19:08 of 2nd period - Charlie McAvoy is hit by Dustin Brown.
19:35 of 2nd period - Icing by Shayne Gostisbehere.
19:36 of 2nd period - Nicklas Backstrom wins face-off versus Melker Karlsson in Devils zone.
Goals for this period are 1 for Devils vs 1 for Panthers.
Shots for this period are 10 for Devils vs 11 for Panthers.

3rd period


0:01 of 3rd period - Tyler Seguin wins face-off versus Nicklas Backstrom in neutral zone.
0:51 of 3rd period - Darren Helm is hit by Matthew Tkachuk and loses puck.
0:52 of 3rd period - Darren Helm from Devils is injured at 0:52 of 3rd period (Sprained Right Ankle).
0:53 of 3rd period - Bo Horvat wins face-off versus Joe Thornton in Devils zone.
1:53 of 3rd period - Shot by Nikolaj Ehlers.
1:53 of 3rd period - Shot Misses the Net.
1:57 of 3rd period - Shot by Justin Williams.
1:57 of 3rd period - Shot Blocked by Steven Santini.
2:01 of 3rd period - Shot by Nikolaj Ehlers.
2:01 of 3rd period - Shot Blocked by Brooks Orpik.
2:03 of 3rd period - Shot by Michael Matheson.
2:03 of 3rd period - Shot Blocked by Steven Santini.
2:05 of 3rd period - Shot by Nikolaj Ehlers.
2:05 of 3rd period - Shot Misses the Net.
2:07 of 3rd period - Shot by Patrik Laine.
2:07 of 3rd period - Shot Misses the Net.
2:28 of 3rd period - Icing by Brooks Orpik.
2:29 of 3rd period - Tyler Seguin wins face-off versus Scott Wilson in Devils zone.
2:51 of 3rd period - Icing by Drew Doughty.
2:52 of 3rd period - Tyler Seguin wins face-off versus Nicklas Backstrom in Panthers zone.
2:54 of 3rd period - T.J. Brodie is hit by Dustin Brown and loses puck.
2:59 of 3rd period - Kevin Hayes is hit by Blake Wheeler and loses puck.
3:46 of 3rd period - Shot by Pavel Zacha.
3:46 of 3rd period - Stopped by Cam Ward with a rebound.
3:48 of 3rd period - Shot by Bo Horvat.
3:48 of 3rd period - Shot Misses the Net.
4:18 of 3rd period - Blake Wheeler is hit by Jordan Staal and loses puck.
5:15 of 3rd period - Brandon Carlo is hit by Pavel Zacha and loses puck.
5:25 of 3rd period - Off-side.
5:26 of 3rd period - Joe Thornton wins face-off versus Dustin Brown in neutral zone.
5:39 of 3rd period - Shot by Dustin Brown.
5:39 of 3rd period - Shot Blocked by Francois Beauchemin.
5:41 of 3rd period - Shot by Kevin Hayes.
5:41 of 3rd period - Stopped by Cam Ward without a rebound.
5:42 of 3rd period - Bo Horvat wins face-off versus Luke Glendening in Panthers zone.
6:14 of 3rd period - Shot by Michael Matheson.
6:14 of 3rd period - Shot Misses the Net.
6:16 of 3rd period - Shot by Joel Armia.
6:16 of 3rd period - Deflect By Melker Karlsson.
6:16 of 3rd period - Shot Blocked by Steven Santini.
6:51 of 3rd period - Off-side.
6:52 of 3rd period - Luke Glendening wins face-off versus Scott Wilson in neutral zone.
7:14 of 3rd period - Shot by Mike Cammalleri.
7:14 of 3rd period - Shot Misses the Net.
7:17 of 3rd period - Icing by Brandon Carlo.
7:18 of 3rd period - Jordan Staal wins face-off versus Joe Thornton in Panthers zone.
7:21 of 3rd period - Shot by Pavel Zacha.
7:21 of 3rd period - Stopped by Cam Ward without a rebound.
7:22 of 3rd period - Jordan Staal wins face-off versus Justin Williams in Panthers zone.
7:56 of 3rd period - Shot by Nikolaj Ehlers.
7:56 of 3rd period - Shot Blocked by Brooks Orpik.
8:37 of 3rd period - Shot by Matthew Tkachuk.
8:37 of 3rd period - Shot Misses the Net.
9:33 of 3rd period - Luke Glendening is hit by Anton Stralman and loses puck.
9:40 of 3rd period - Shot by Joe Thornton.
9:40 of 3rd period - Shot Misses the Net.
9:42 of 3rd period - Shot by Andrew Ladd.
9:42 of 3rd period - Shot Misses the Net.
10:12 of 3rd period - Shot by Nikolaj Ehlers.
10:12 of 3rd period - Stopped by Marc-Andre Fleury without a rebound.
10:13 of 3rd period - Tyler Seguin wins face-off versus Bo Horvat in Devils zone.
10:18 of 3rd period - Shot by Tyler Seguin.
10:18 of 3rd period - Shot Blocked by Sam Reinhart.
10:21 of 3rd period - Icing by Ryan Pulock.
10:22 of 3rd period - Bo Horvat wins face-off versus Luke Glendening in Devils zone.
10:43 of 3rd period - Shot by Bo Horvat.
10:43 of 3rd period - Deflect By Sam Reinhart.
10:43 of 3rd period - Stopped by Cam Ward with a rebound.
10:52 of 3rd period - Shot by Bo Horvat.
10:52 of 3rd period - Shot Blocked by Melker Karlsson.
10:54 of 3rd period - Shot by Bo Horvat.
10:54 of 3rd period - Stopped by Cam Ward without a rebound.
10:55 of 3rd period - Jordan Staal wins face-off versus Tyler Seguin in Panthers zone.
11:05 of 3rd period - Matthew Tkachuk is hit by Brooks Orpik and loses puck.
12:13 of 3rd period - Shot by Nicklas Backstrom.
12:13 of 3rd period - Stopped by Cam Ward without a rebound.
12:14 of 3rd period - Joe Thornton wins face-off versus Bo Horvat in Panthers zone.
12:19 of 3rd period - Shot by Joe Thornton.
12:19 of 3rd period - Stopped by Marc-Andre Fleury without a rebound.
12:20 of 3rd period - Nicklas Backstrom wins face-off versus Joe Thornton in Devils zone.
12:20 of 3rd period - Nicklas Backstrom is hit by Luke Glendening.
12:44 of 3rd period - Shot by Luke Glendening.
12:44 of 3rd period - Shot Misses the Net.
12:52 of 3rd period - Shot by Joe Thornton.
12:52 of 3rd period - Shot Blocked by Anton Stralman.
12:58 of 3rd period - Shot by Luke Glendening.
12:58 of 3rd period - Shot Hit the Post.
13:10 of 3rd period - Shot by Blake Wheeler.
13:10 of 3rd period - Shot Blocked by Anton Stralman.
13:28 of 3rd period - Shot by Tyler Seguin.
13:28 of 3rd period - Stopped by Marc-Andre Fleury without a rebound.
13:29 of 3rd period - Bo Horvat wins face-off versus Justin Williams in Devils zone.
13:41 of 3rd period - Shot by Patrik Laine.
13:41 of 3rd period - Stopped by Marc-Andre Fleury without a rebound.
13:42 of 3rd period - Scott Wilson wins face-off versus Tyler Seguin in Devils zone.
14:51 of 3rd period - Shot by Patrik Laine.
14:51 of 3rd period - Shot Blocked by Brooks Orpik.
14:59 of 3rd period - Shot by Nikolaj Ehlers.
14:59 of 3rd period - Shot Blocked by Brooks Orpik.
15:09 of 3rd period - Shot by Nikolaj Ehlers.
15:09 of 3rd period - Shot Misses the Net.
15:21 of 3rd period - Shot by Joe Thornton.
15:21 of 3rd period - Shot Misses the Net.
15:23 of 3rd period - Shot by Michael Matheson.
15:23 of 3rd period - Shot Misses the Net.
15:25 of 3rd period - Shot by Francois Beauchemin.
15:25 of 3rd period - Shot Misses the Net.
15:39 of 3rd period - Shot by Joe Thornton.
15:39 of 3rd period - Stopped by Marc-Andre Fleury without a rebound.
15:40 of 3rd period - Kevin Hayes wins face-off versus Melker Karlsson in Devils zone.
15:57 of 3rd period - Shot by Joel Armia.
15:57 of 3rd period - Shot Misses the Net.
16:11 of 3rd period - Off-side.
16:12 of 3rd period - Tyler Seguin wins face-off versus Bo Horvat in neutral zone.
17:04 of 3rd period - Minor Penalty to Drew Doughty for Delaying the game.
17:05 of 3rd period - Nicklas Backstrom wins face-off versus Melker Karlsson in Panthers zone.
17:36 of 3rd period - Shot by Nicklas Backstrom.
17:36 of 3rd period - Stopped by Cam Ward without a rebound.
17:37 of 3rd period - Kevin Hayes wins face-off versus Andrew Ladd in Panthers zone.
17:40 of 3rd period - Shot by Kevin Hayes.
17:40 of 3rd period - Shot Misses the Net.
17:42 of 3rd period - Shot by Bo Horvat.
17:42 of 3rd period - Stopped by Cam Ward without a rebound.
17:43 of 3rd period - Bo Horvat wins face-off versus Luke Glendening in Panthers zone.
17:44 of 3rd period - Shot by Sam Reinhart.
17:44 of 3rd period - Shot Blocked by Francois Beauchemin.
18:34 of 3rd period - Shot by Dustin Brown.
18:34 of 3rd period - Stopped by Cam Ward with a rebound.
18:36 of 3rd period - Shot by Dustin Brown.
18:36 of 3rd period - Shot Misses the Net.
19:04 of 3rd period - Shot by Bo Horvat.
19:04 of 3rd period - Stopped by Cam Ward without a rebound.
19:05 of 3rd period - Justin Williams wins face-off versus Scott Wilson in Panthers zone.
19:27 of 3rd period - Off-side.
19:28 of 3rd period - Pavel Zacha wins face-off versus Matthew Tkachuk in neutral zone.
19:31 of 3rd period - Charlie McAvoy is hit by Jordan Staal and loses puck.
19:54 of 3rd period - Icing by Blake Wheeler.
19:55 of 3rd period - Nicklas Backstrom wins face-off versus Tyler Seguin in Panthers zone.
Goals for this period are 0 for Devils vs 0 for Panthers.
Shots for this period are 10 for Devils vs 5 for Panthers.